 Dungeon Crawl Stone Soup version 0.31.0-11-ge490571c62 (webtiles) character file.

Game seed: 4898829139856388126

2691 Yore the Fighter (level 9, -3/61 HPs)
             Began as a Gargoyle Fighter on Feb 3, 2024.
             Was a Follower of the Shining One.
             Slain by a two-headed ogre
             ... wielding a +0 giant club
              (17 damage)
             ... on level 8 of the Dungeon.
             The game lasted 00:09:20 (5872 turns).

Yore the Fighter (Gargoyle Fighter)                 Turns: 5872, Time: 00:09:21

Health: -3/61      AC: 23    Str: 22    XL:     9   Next: 65%
Magic:  10/10      EV:  8    Int:  9    God:    the Shining One [*.....]
Gold:   261        SH:  9    Dex: 11    Spells: 8/8 levels left

rFire   . . .        p - +1 flail (heavy)
rCold   . . .        c - +0 buckler
rNeg    + . .        C - +0 chain mail
rPois   ∞            (no helmet)
rElec   +            o - +0 cloak
rCorr   .            D - +0 pair of gloves
SInv    .            (no boots)
Will    +....        q - amulet of reflection Stlth
                     s - ring of willpower
HPRegen 0.30/turn    t - +4 ring of protection
MPRegen 0.12/turn

%: reflection
@: glowing
A: sickness immunity, AC +6, negative energy resistance 1, electricity
resistance, torment resistance 1, petrification resistance
a: Renounce Religion, Divine Shield


You were on level 8 of the Dungeon.
You worshipped the Shining One.
The Shining One was aware of your devotion.
You visited 1 branch of the dungeon, and saw 8 of its levels.

You collected 261 gold pieces.

Inventory:

Hand Weapons
 p - a +1 heavy flail (weapon)
 B - a +0 morningstar
Missiles
 e - a throwing net
 g - 4 javelins (quivered)
Armour
 c - a +0 buckler (worn)
 o - a +0 cloak (worn)
 C - a +0 chain mail (worn)
 D - a +0 pair of gloves (worn)
Jewellery
 q - an amulet of reflection (around neck)
 s - a ring of willpower (left hand)
 t - a +4 ring of protection (right hand)
Wands
 a - a wand of iceblast (21)
 x - a wand of charming (5)
Scrolls
 f - 2 scrolls of revelation {unknown}
 j - 2 scrolls of fog {unknown}
 k - a scroll of enchant weapon {unknown}
 l - 2 scrolls of noise {unknown}
 m - 4 scrolls of identify {unknown}
 r - a scroll of blinking {unknown}
 u - 4 scrolls of teleportation {unknown}
 v - 2 scrolls of amnesia {unknown}
 w - 2 scrolls of fear {unknown}
 y - 4 scrolls of poison {unknown}
Potions
 b - a potion of ambrosia {unknown}
 d - a potion of might
 h - 3 potions of degeneration {unknown}
 i - a potion of haste {unknown}
 n - 2 potions of brilliance {unknown}
 z - 3 potions of mutation {unknown}
 A - 3 potions of curing {unknown}


   Skills:
 * Level 9.4 Fighting
 + Level 6.0 Maces & Flails
 + Level 4.5 Throwing
 + Level 6.9 Armour
 - Level 4.0 Shields
 + Level 2.3 Invocations


You had 8 spell levels left.
You didn't know any spells.
Your spell library contained the following spells:

 Spells                   Type           Power      Damage    Failure   Level
 Leda's Liquefaction      Alch/Erth      0%         N/A       100%        4
 Lee's Rapid Deconstruct  Erth           0%         3d4*      100%        5
 Bombard                  Conj/Erth      0%         9d1       100%        6


Dungeon Overview and Level Annotations

Branches:
Dungeon (8/15)             Temple (0/1) D:6
   Lair: D:8-11

Altars:
Ashenzari
Cheibriados
Elyvilon
Fedhas
Gozag
Hepliaklqana
Makhleb
Nemelex Xobeh
Ru
Uskayaw
Wu Jian
Xom
Yredelemnul
Zin
The Shining One

Shops:
D:1 [

Annotations:
D:3 1 runed translucent door, Crazy Yiuf


Innate Abilities, Weirdness & Mutations

You are immune to sickness and miasma.
Your stone body is resilient. (AC +6)
You are immune to poison.
You resist negative energy. (rN+)
You are resistant to electric shocks. (rElec)
You are resistant to unholy torment.
You are immune to petrification.


Message History

y - 4 scrolls labelled AMPOMI HEKKO (gained 1)
A two-headed ogre comes into view. It is wielding two +0 giant clubs.
Throw: 9 javelins
Press: ? - help, Q - select action, (/) - cycle Shift-Dir - straight line, f - two-headed ogre
Aim: a two-headed ogre, wielding two +0 giant clubs (wandering, hasn't noticed you, 75% to hit)
You throw a javelin. The two-headed ogre shouts in stereo!
The javelin pierces through the two-headed ogre but does no damage.
Throw: 8 javelins
Press: ? - help, Q - select action, (/) - cycle Shift-Dir - straight line, f/p - two-headed ogre
Aim: a two-headed ogre, wielding two +0 giant clubs (75% to hit)
You throw a javelin.
The javelin pierces through the two-headed ogre but does no damage.
Unknown command.
Throw: 7 javelins
Press: ? - help, Q - select action, (/) - cycle Shift-Dir - straight line, f/p - two-headed ogre
Aim: a two-headed ogre, wielding two +0 giant clubs (75% to hit)
You throw a javelin.
The javelin barely misses the two-headed ogre.
Unknown command.
Okay, then.
Throw: 6 javelins
Press: ? - help, Q - select action, (/) - cycle Shift-Dir - straight line, f/p - two-headed ogre
Aim: a two-headed ogre, wielding two +0 giant clubs (75% to hit)
You throw a javelin.
The javelin pierces through the two-headed ogre!
The two-headed ogre is moderately wounded.
Throw: 5 javelins
Press: ? - help, Q - select action, (/) - cycle Shift-Dir - straight line, f/p - two-headed ogre
Aim: a two-headed ogre, wielding two +0 giant clubs (moderately wounded, haloed, 93% to hit)
You throw a javelin.
The javelin hits the two-headed ogre and shatters for extra damage!!
The two-headed ogre is severely wounded.
The two-headed ogre hits you with a +0 giant club! x2
You sock the two-headed ogre!
The two-headed ogre is almost dead.
The two-headed ogre hits you with a +0 giant club!!
* * * LOW HITPOINT WARNING * * *
The two-headed ogre hits you with a +0 giant club!
You die...

#..........#.......# ####.
#..........#.......#
#..>.#######..##.##.###..#####
+....#....##..##.######..#####
...................#.........
...................#.........
..##..............#.........
#####+###..............#.........
....<...)(.....O@......#.......>.
.......##....###.#...#####..#####
...##..##....# ####......#..####.
... #..#.......# #......#..#....
.. #..##......# #......#..'....
.. #..##......# #......#..#.... .
#..........# #......#..##..# .
#..........# ########...####
####.#


You could see a two-headed ogre.

Vanquished Creatures
  Pikel (D:4)
  Prince Ribbit (D:5)
  Edmund (D:4)
  An ice beast (D:8)
  A black bear (D:4)
  A sky beast (D:7)
  An ogre (D:5)
  A centaur (D:6)
  A phantom (D:4)
  A kobold brigand (D:7)
  3 bullfrogs
  A scorpion (D:3)
  A wight (D:7)
  2 howler monkeys
  4 crimson imps (D:6)
  A bombardier beetle (D:6)
  4 hounds
  4 jellies
  2 orc priests
  A gnoll bouda (D:6)
  5 iguanas
  A sleepcap (D:6)
  An orc wizard (D:8)
  Natasha (D:2)
  5 gnolls (D:6)
  6 adders
  A shadow imp (D:6)
  2 white imps (D:7)
  2 ufetubi (D:6)
  5 dart slugs
  2 ribbon worms
  16 orcs
  8 endoplasms
  2 giant cockroaches
  7 hobgoblins
  14 jackals
  4 quokkas
  4 ball pythons
  5 bats
  4 frilled lizards
  5 goblins
  12 kobolds
  12 rats
157 creatures vanquished.

Notes
Turn   | Place    | Note
-------+----------+-------------------------------------------
     0 | D:1      | Yore the Gargoyle Fighter began the quest for the Orb.
     0 | D:1      | Reached XP level 1. HP: 14/14 MP: 1/1
     6 | D:1      | Noticed a black bear
     6 | D:1      | Noticed a redback
     6 | D:1      | Noticed a hound
     7 | D:1      | Noticed a mana viper
     7 | D:1      | Noticed a wyvern
    70 | D:1      | Reached XP level 2. HP: 16/19 MP: 2/2
   277 | D:1      | Reached XP level 3. HP: 24/24 MP: 3/3
   304 | D:1      | Found a faded altar of an unknown god.
   537 | D:1      | Found Uloruklo's Antique Armour Boutique.
   594 | D:1      | Reached skill level 4 in Fighting
   923 | D:2      | Reached XP level 4. HP: 29/29 MP: 4/4
  1566 | D:2      | Noticed Natasha
  1576 | D:2      | Killed Natasha
  1704 | D:3      | Reached XP level 5. HP: 30/34 MP: 5/5
  1824 | D:3      | Reached skill level 5 in Fighting
  1936 | D:3      | Found an opulent altar of Gozag.
  1936 | D:3      | Found a white marble altar of Elyvilon.
  1936 | D:3      | Found an ornate altar of the Wu Jian Council.
  1936 | D:3      | Found a snail-covered altar of Cheibriados.
  1937 | D:3      | Found a broken altar of Ashenzari.
  1937 | D:3      | Found a burning altar of Makhleb.
  1938 | D:3      | Found a hazy altar of Hepliaklqana.
  1939 | D:3      | Found a sacrificial altar of Ru.
  1939 | D:3      | Found a basalt altar of Yredelemnul.
  1940 | D:3      | Found a blossoming altar of Fedhas.
  1957 | D:3      | Reached skill level 1 in Throwing
  2026 | D:3      | Reached XP level 6. HP: 38/40 MP: 6/6
  2130 | D:3      | Found a runed translucent door.
  2131 | D:3      | Noticed Crazy Yiuf
  2402 | D:4      | Noticed a black bear
  2446 | D:4      | Noticed Edmund
  2467 | D:4      | Killed Edmund
  2555 | D:4      | Reached skill level 6 in Fighting
  2555 | D:4      | Reached XP level 7. HP: 24/46 MP: 7/7
  2732 | D:4      | Noticed Pikel
  2748 | D:4      | Killed Pikel
  2749 | D:4      | Reached skill level 7 in Fighting
  2749 | D:4      | Reached skill level 5 in Armour
  2749 | D:4      | Reached XP level 8. HP: 32/53 MP: 8/8
  3109 | D:4      | Found a hide-covered altar of Uskayaw.
  3265 | D:5      | Entered Level 5 of the Dungeon
  3409 | D:5      | Noticed Prince Ribbit
  3426 | D:5      | Killed Prince Ribbit
  3427 | D:5      | Reached skill level 8 in Fighting
  3427 | D:5      | Reached skill level 5 in Maces & Flails
  3844 | D:5      | You fall into a shaft and drop 2 floors!
  4513 | D:6      | Reached XP level 9. HP: 51/60 MP: 9/9
  4570 | D:6      | Found a glowing golden altar of the Shining One.
  4576 | D:6      | Became a worshipper of the Shining One
  4588 | D:6      | Found a glowing silver altar of Zin.
  4606 | D:6      | Found the Hermit's Pendant {Faith Invo=14 Evo=0 MP+5}
  4657 | D:6      | Found a shimmering altar of Xom.
  4696 | D:6      | Found a staircase to the Ecumenical Temple.
  4771 | D:6      | Reached * piety under the Shining One
  4779 | D:6      | Reached skill level 1 in Invocations
  5218 | D:7      | Reached skill level 9 in Fighting
  5228 | D:7      | Found a sparkling altar of Nemelex Xobeh.
  5866 | D:8      | Noticed a two-headed ogre
  5872 | D:8      | Slain by a two-headed ogre

Illustrated notes

Levels and vault maps discovered:
D:1:      onia_arrival_zoo_common, layout_loops_ring,
          shapermc_ecumenical_altar_acropolis, serial_shops,
          nicolae_shop_real_fake_doors
D:2:      layout_basic, kennysheep_generic_room_12, uniq_natasha
D:3:      layout_rooms, nicolae_overflows_in_rows, st_stairs_1,
          uniq_crazy_yiuf_cottage
D:4:      layout_cave_pools, nicolae_uskayaw_suspiria, uniq_edmund, uniq_pikel
D:5:      layout_layer_cave, due_unseen_surprise, uniq_prince_ribbit1
D:6:      layout_basic, led_xom_imps, mainiacjoe_overflow_large_starburst,
          minmay_temple_entry_stoned_glass
D:7:      layout_rooms, old_standard_altar
D:8:      layout_gridville, minmay_radiant

Skill      XL: |  1  2  3  4  5  6  7  8  9 |
---------------+----------------------------+-----
Fighting       | 4 5 6 7 8 9 |  9.4
Shields        | 4 |  4.0
Armour         | 4 5 6 |  6.9
Maces & Flails | 3 4 5 6 |  6.0
Throwing       | 1 2 3 4 |  4.5
Invocations    | 2 |  2.3

Action                     |  1- 3 |  4- 6 |  7- 9 || total
---------------------------+-------+-------+-------++-------
  Melee: Flail             |   121 |   174 |   173 ||   468
  Throw: Javelin           |       |       |    29 ||    29
    Use: Potion            |       |     1 |       ||     1
 Armour: Scale mail        |    95 |   139 |   115 ||   349
         Chain mail        |       |       |    65 ||    65
  Dodge: Dodged            |    46 |    90 |   104 ||   240
  Block: Buckler           |    21 |    42 |   122 ||   185
         Reflection        |       |       |     4 ||     4
